 Dungeon Crawl Stone Soup version 0.19.0-19-g8c6edcc (webtiles) character file.

51 Chiseanne the Chopper (level 3, -2/32 HPs)
             Began as a Deep Dwarf Skald on Nov 14, 2016.
             Slain by Purgy (3 damage)
             ... on level 3 of the Dungeon.
             The game lasted 00:04:50 (1187 turns).

Chiseanne the Chopper (Deep Dwarf Skald)            Turns: 1187, Time: 00:04:51

Health: -2/32      AC:  5    Str: 15    XL:     3   Next: 57%
Magic:  4/4        EV:  8    Int: 12    God:
Gold:   95         SH:  7    Dex: 13    Spells: 1 memorised, 4 levels left

rFire  . . .     SeeInvis .     a - +0 hand axe
rCold  . . .     Gourm    .     h - +0 ring mail
rNeg   . . .     Faith    .     j - +0 shield
rPois  +         Spirit   .     (no helmet)
rElec  .         Reflect  .     (no cloak)
rCorr  .         Harm     .     (no gloves)
MR     .....                    (no boots)
Stlth  +.........               (no amulet)
                                (no ring)
                                e - ring of poison resistance

@: non-regenerating
A: damage resistance, recharge devices, sense surroundings 1, slow regeneration
3
a: Device Recharging


You were on level 3 of the Dungeon.
You were not hungry.

You visited 1 branch of the dungeon, and saw 3 of its levels.

You collected 95 gold pieces.

Inventory:

Hand Weapons
 a - a +0 hand axe (weapon)
Missiles
 b - 4 tomahawks (quivered)
 i - 15 stones
Armour
 h - a +0 ring mail (worn)
 j - a +0 shield (worn)
Jewellery
 e - a ring of poison resistance (left hand)
Wands
 d - a wand of heal wounds (3/9)
Potions
 k - 2 potions of curing
Books
 c - a book of Battle

   Spells                             Type                      Level
   a - Infusion                       Charms                       1
   b - Shroud of Golubria             Charms/Translocation         2
   c - Song of Slaying                Charms                       2
   d - Spectral Weapon                Hexes/Charms                 3
   e - Regeneration                   Charms/Necromancy            3
Comestibles
 f - a bread ration
 g - a chunk of flesh
 n - a beef jerky


   Skills:
 - Level 2.0 Fighting
 * Level 3.1 Axes
 * Level 1.7 Armour
 * Level 2.1 Dodging
 * Level 1.2 Shields
 - Level 1.7 Spellcasting
 - Level 2.6 Charms


You had 4 spell levels left.
You knew the following spells:

 Your Spells              Type           Power        Failure   Level  Hunger
a - Infusion              Chrm           #...         92%         1    ##.....


Dungeon Overview and Level Annotations

Branches:
Dungeon (3/15)

Altars:
Hepliaklqana
Ru

Annotations:
D:2 Sigmund
D:3 Purgy


Innate Abilities, Weirdness & Mutations

You are resistant to damage.
You can recharge devices by infusing magical energy.
You passively map a small area around you.
You do not regenerate.


Message History

Purgy is moderately wounded.
Purgy bites you but does no damage. Purgy claws you but does no damage. x2
You hit Purgy but do no damage.
Purgy is moderately wounded.
Purgy bites you but does no damage. Purgy claws you but does no damage.
Purgy closely misses you.
You closely miss Purgy.
Purgy is moderately wounded.
Purgy hisses, "I bite!"
Purgy bites you but does no damage. You block Purgy's attack. Purgy claws you.
You hit Purgy.
Purgy is heavily wounded.
Purgy bites you.
* * * LOW HITPOINT WARNING * * *
Purgy claws you but does no damage. You block Purgy's attack.
Purgy barely misses you. Purgy claws you. You block Purgy's attack.
You closely miss Purgy.
Purgy is moderately wounded.
Purgy bites you.
You die...

.........#########.#,, ,
...................# ,
...................#####
,
........................
...................#####*
* , ...)...............#
, ###############)##.#
#<(#.# #####@#.# *
#...(T..# #.......#
#.......# #.......# ,
######..#* ..., , *#...
....


You could see Purgy.

Vanquished Creatures
  2 adders
  A worm (D:3)
  2 dart slugs
  2 leopard geckos (D:3)
  An orc (D:3)
  4 hobgoblins (D:1)
  2 ball pythons (D:2)
  5 bats
  A frilled lizard (D:1)
  6 kobolds
  A rat (D:1)
27 creatures vanquished.

Notes
Turn   | Place    | Note
-------+----------+-------------------------------------------
     0 | D:1      | Chiseanne the Deep Dwarf Skald began the quest for the Orb.
     0 | D:1      | Reached XP level 1. HP: 19/19 MP: 3/3
   318 | D:1      | Reached XP level 2. HP: 21/26 MP: 4/4
   634 | D:2      | Noticed Sigmund
   920 | D:2      | Found a faded altar of an unknown god.
   948 | D:2      | Reached XP level 3. HP: 24/32 MP: 5/5
   971 | D:3      | Found a hazy altar of Hepliaklqana.
   976 | D:3      | Found a sacrificial altar of Ru.
  1007 | D:3      | Reached skill level 1 in Shields
  1038 | D:3      | Reached skill level 3 in Axes
  1052 | D:3      | Noticed Purgy
  1186 | D:3      | HP: 1/32 [Purgy (3)]
  1187 | D:3      | Slain by Purgy

Skill      XL: |  1  2  3 |
---------------+----------+-----
Fighting       | 2 |  2.0
Dodging        | 2 |  2.1
Shields        | 1 |  1.2
Axes           | 3 |  3.1
Armour         | |  1.7
Spellcasting   | |  1.7
Charms         | |  2.6

Action                   || total
-------------------------++-------
Melee: Hand axe          ||   209
Throw: Tomahawk          ||     3
 Abil: Device Recharging ||     1
Evoke: Wand              ||     6
  Use: Scroll            ||     8
       Potion            ||     2
  Eat: Chunk             ||     1
Armor: Ring mail         ||   194
Dodge: Dodged            ||   156
Block: Shield            ||   161
